[Event "Polofinale MCR junioru 2023"]
[Site "Czech Republic"]
[Date "2023.11.17"]
[Round "8.30"]
[White "Siles, Jan"]
[Black "Svadlenka, Dominik"]
[Result "1/2-1/2"]
[TimeControl "90 min per 40 moves + 15 min + 30 sec / move from move 1"]
[WhiteFideId "23715405"]
[BlackFideId "23716258"]
[WhiteElo "1829"]
[BlackElo "1725"]

1. e4 c6 2. d4 d5 3. f3 e6 4. Nc3 Bb4 5. Qd3 Ne7 6. Nge2 O-O 7. Be3 Nd7 8. a3 Ba5 9. exd5 Nxd5 10.
Bd2 Bc7 11. O-O-O a5 12. Nxd5 exd5 13. Qe3 Re8 14. Qg5 Qxg5 15. Bxg5 Nf8 16. Bf4 Bxf4+ 17. Nxf4 Ng6 18. Nxg6 hxg6 19.
Bd3 Bf5 20. Bxf5 gxf5 21. Rhe1 f6 22. Rxe8+ Rxe8 23. Kd2 Kf7 24. Rb1 Ra8 25. Re1 Rh8 26. h3 f4 27. Kc3 b5 28. b4 a4 29.
Kd2 Rd8 30. Re2 Rd6 31. Ke1 Re6 32. Rxe6 Kxe6 33. Kf2 Kf5 34. Kg1 Kg5 35. Kf1 Kh4 36. Kf2 g6 37. Kg1 Kg3 38. Kf1 g5 39.
Kg1 f5 40. Kf1 g4 41. hxg4 fxg4 42. fxg4 Kxg4 43. Kf2 Kg5 44. Kf3 Kf5 45. c3 Kg5 46. g4 fxg3 1/2-1/2

[Event "Polofinale MCR junioru 2023"]
[Site "Czech Republic"]
[Date "2023.11.17"]
[Round "8.31"]
[White "Jurok, Vojtech"]
[Black "Slaby, Matej"]
[Result "1/2-1/2"]
[TimeControl "90 min per 40 moves + 15 min + 30 sec / move from move 1"]
[WhiteFideId "23741023"]
[BlackFideId "23734876"]
[WhiteElo "1801"]
[BlackElo "1940"]

1. e4 c6 2. d4 d5 3. e5 Bf5 4. h4 h5 5. Bg5 Qb6 6. Bd3 Bxd3 7. Qxd3 e6 8. Nd2 Ne7 9. Ngf3 Nd7 10.
O-O Qc7 11. Rac1 b5 12. a4 bxa4 13. Bxe7 Bxe7 14. c4 dxc4 15. Nxc4 Rb8 16. Qc2 Rb4 17. Ra1 Nb6 18. Nxb6 Qxb6 19.
Rfc1 Kd7 20. Rxa4 Rxa4 21. Qxa4 Rc8 22. Rc2 Rc7 23. g3 Qb5 24. Qa2 Qd5 25. Qxd5+ cxd5 26. Rxc7+ Kxc7 27. Kf1 Kb6 28. Ke2 Kb5 29. Kd3 a5 1/2-1/2

[Event "Polofinale MCR junioru 2023"]
[Site "Czech Republic"]
[Date "2023.11.17"]
[Round "8.32"]
[White "Gregor, Alexandr"]
[Black "Hrbek, Jachym"]
[Result "1/2-1/2"]
[TimeControl "90 min per 40 moves + 15 min + 30 sec / move from move 1"]
[WhiteFideId "23735813"]
[BlackFideId "23709138"]
[WhiteElo "1601"]
[BlackElo "1913"]

1. e4 c6 2. d4 d5 3. e5 Bf5 4.
h4 h5 5.
Ne2 e6 6. Ng3 Bg6 7. Nd2 Be7 8. Nf3 Nd7 9. Bd3 Bxd3 10. Qxd3 Qa5+ 11. c3 Qa6 12. Qxa6 bxa6 13. b4 Nb6 14.
Nd2 Kd7 15. a4 Rb8 16. a5 Na8 17. Nb3 Nc7 18. Kd2 Nh6 19. f3 g6 20. Kd3 Nf5 21. Nxf5 gxf5 22. Bg5 Bxg5 23. hxg5 f4 24.
Rh4 Rbg8 25. Rxf4 Ke7 26. Rh4 Rxg5 27. g4 Rhg8 28. gxh5 Rg3 29. Rf1 Ne8 30. h6 Rh8 31. Ke3 Ng7 32.
Kf2 Nf5 33. Rh5 Rg6 34. Rfh1 Ng3 35. Nc5 Rgxh6 36. Kxg3 Rxh5 37. Rxh5 Rxh5 38. Nxa6 Rh8 39. Kf4 f6 40. exf6+ Kxf6 41.
Nc5 Rh4+ 42. Ke3 Kf5 43. Nd7 Rh7 44. Ne5 Rc7 45. Kd3 1/2-1/2

[Event "Polofinale MCR junioru 2023"]
[Site "Czech Republic"]
[Date "2023.11.17"]
[Round "8.33"]
[White "Rucabado, Stefan"]
[Black "Valdman, Jakub"]
[Result "0-1"]
[TimeControl "90 min per 40 moves + 15 min + 30 sec / move from move 1"]
[WhiteFideId "23730315"]
[BlackFideId "23718196"]
[WhiteElo "1873"]
[BlackElo "1594"]

1. e4 e5 2. Nf3 Nc6 3. Bb5 a6 4. Ba4 Nf6 5. O-O b5 6. Bb3 Be7 7. Re1 O-O 8. h3 d6 9. c3 Na5 10.
Bc2 c5 11. d4 Qc7 12. Nbd2 cxd4 13. cxd4 Bb7 14. Nf1 Nc6 15. a3 Nxd4 16. Nxd4 exd4 17. Bb1 d5 18. exd5 Bxd5 19. Bg5 h6 20.
Bh4 Rfe8 21. Qd2 Qb7 22. Qxd4 Bxg2 23. Ne3 Bxh3 24. Bf5 Bc5 25. Qd1 Rxe3 0-1

[Event "Polofinale MCR junioru 2023"]
[Site "Czech Republic"]
[Date "2023.11.17"]
[Round "8.34"]
[White "Vlcek, Vojtech"]
[Black "Hampl, David"]
[Result "1-0"]
[TimeControl "90 min per 40 moves + 15 min + 30 sec / move from move 1"]
[WhiteFideId "23728647"]
[BlackFideId "398802"]
[WhiteElo "1703"]
[BlackElo "1801"]

1. d4 Nf6 2. c4 g6 3. Nc3 d5 4. cxd5 Nxd5 5. Bd2 Bg7 6. e4 Nb6 7. Be3 O-O 8. Nf3 Bg4 9. Be2 Bxf3 10.
Bxf3 Nc6 11. e5 Nc4 12. O-O Nxe3 13. fxe3 Na5 14. Qa4 c5 15. Rfd1 Rc8 16. dxc5 Qc7 17. Nd5 Qxc5 18. b4 Qc2 19.
Qxa5 Rfe8 20. Rac1 Qxc1 21. Rxc1 Rxc1+ 22. Kf2 Rc2+ 23. Ke1 Bxe5 24. Qa4 Rc1+ 25. Kd2 Rcc8 26. Qb5 Bxh2 27. Qxb7 Kf8 28.
Bd1 Rb8 29. Qxa7 Ra8 30. Qd4 Kg8 31. Bb3 h5 32. Ke2 Rad8 33. Qe4 Bd6 34. Ba4 Rf8 35. Nxe7+ Bxe7 36. Qxe7 Rb8 37. Bb3 Ra8 38.
a4 Rae8 39. Bxf7+ 1-0

[Event "Polofinale MCR junioru 2023"]
[Site "Czech Republic"]
[Date "2023.11.17"]
[Round "8.35"]
[White "Kocman, Patrik"]
[Black "Meca, Viktor"]
[Result "1/2-1/2"]
[TimeControl "90 min per 40 moves + 15 min + 30 sec / move from move 1"]
[WhiteFideId "23735732"]
[BlackFideId "23739800"]
[WhiteElo "1478"]
[BlackElo "1642"]

1. e4 c5 2. Nf3 d6 3. d4 cxd4 4. Nxd4 Nf6 5. Nc3 g6 6. Be3 Bg7 7. Be2 O-O 8. O-O d5 9. exd5 Nxd5 10.
Nxd5 Qxd5 11. Bf3 Qd7 12. c3 e5 13. Nb3 Qc7 14. Qe2 Re8 15. Qb5 Nc6 16. Nc5 a6 17. Qa4 Bf8 18. Ne4 Be7 19.
Nc5 Bxc5 20. Bxc5 Bd7 21. Qc2 Bf5 22. Be4 Bxe4 23. Qxe4 Rad8 24. Rad1 b6 25. Be3 b5 26. Bg5 Rd7 27.
Bf6 Re6 28. Qh4 Ne7 29. Bg5 Nf5 30. Qe4 f6 31. Bc1 Red6 32. Qe2 Qd8 33. Rxd6 Rxd6 34. c4 Nd4 35. Qd3 f5 36. f3 Kg7 37.
Re1 bxc4 38. Qxc4 Rc6 39. Qd3 Qd5 40. Qe3 Rc5 41. Rd1 Qxa2 42. Rxd4 Rxc1+ 43. Qxc1 exd4 44. Qc7+ Qf7 45. Qe5+ Qf6 46.
Qc7+ Kh6 47. Qf4+ g5 48. Qd2 Qb6 49. Kf1 Qb5+ 50. Kf2 Qc5 51. Qd3 Qb6 52. b3 f4 53. Ke2 Qe6+ 54. Kf1 Qe3 55.
Qxa6+ Kh5 56. Qb7 Qd3+ 57. Kf2 Qe3+ 58. Kf1 1/2-1/2

[Event "Polofinale MCR junioru 2023"]
[Site "Czech Republic"]
[Date "2023.11.17"]
[Round "8.36"]
[White "Pistej, Tomas"]
[Black "Vasinek, Martin"]
[Result "1/2-1/2"]
[TimeControl "90 min per 40 moves + 15 min + 30 sec / move from move 1"]
[WhiteFideId "23750740"]
[BlackFideId "392200"]
[WhiteElo "1502"]
[BlackElo "1987"]

1. e4 c5 2. Nc3 Nc6 3. Bb5 g6 4. Bxc6 bxc6 5. d3 d5 6. f4 e6 7. Nf3 Bg7 8. O-O Ne7 9. Qe1 O-O 10.
Qh4 f5 11. e5 Rb8 12. b3 d4 13. Na4 Nd5 14. Qxd8 Rxd8 15. Nxc5 Bf8 16. Na4 Nb4 17. Rf2 Na6 18. Nb2 Bb7 19.
Nc4 c5 20. Ba3 Bd5 1/2-1/2

[Event "Polofinale MCR junioru 2023"]
[Site "Czech Republic"]
[Date "2023.11.17"]
[Round "8.37"]
[White "Popov, Roman"]
[Black "Fizerova, Lucie"]
[Result "1-0"]
[TimeControl "90 min per 40 moves + 15 min + 30 sec / move from move 1"]
[WhiteFideId "23732580"]
[BlackFideId "385115"]
[WhiteElo "1889"]
[BlackElo "1886"]

1. c4 c5 2. Nc3 Nc6 3. Nf3 g6 4. e3 Bg7 5. d4 cxd4 6. exd4 d6 7. d5 Ne5 8. Nxe5 Bxe5 9. Be2 Bg7 10.
O-O Nf6 11. Be3 O-O 12. Rc1 b6 13. b4 Bb7 14. Re1 Rc8 15. Qb3 Ba6 16. Bd4 Bh6 17. Rc2 Re8 18. Qa4 Bb7 19. Qxa7 Bxd5 20.
Bxb6 Ra8 21. Bxd8 Rxa7 22. Bb6 Rb7 23. Bd4 Be6 24. Bf3 Rbb8 25. b5 Bf5 26. Rce2 e5 27. Ba7 Rbc8 28. Nd5 Nd7 29.
b6 Kg7 30. g4 Bd3 31. Rb2 Rxc4 32. b7 Nb8 33. Nb4 Rxb4 34. Rxb4 Bd2 35. Ra4 Bxe1 36. Bxb8 e4 37. Bxd6 exf3 38.
b8=Q Re2 39. Be5+ Kh6 40. Qf8+ Kg5 41. h4+ 1-0

[Event "Polofinale MCR junioru 2023"]
[Site "Czech Republic"]
[Date "2023.11.17"]
[Round "8.38"]
[White "Striz, Tadeas"]
[Black "Brychta, David"]
[Result "1/2-1/2"]
[TimeControl "90 min per 40 moves + 15 min + 30 sec / move from move 1"]
[WhiteFideId "23723530"]
[BlackFideId "23742798"]
[WhiteElo "1371"]
[BlackElo "1230"]

1. e4 c5 2. Nf3 e6 3. c4 d6 4. Nc3 Nf6 5. d4 cxd4 6. Nxd4 a6 7. Be3 Be7 8. Be2 O-O 9. O-O Nc6 10.
f3 Nxd4 11. Qxd4 Nd7 12. Rfd1 Qc7 13. Rac1 Qc5 14. Qd3 Ne5 15. Bxc5 Nxd3 16. Rxd3 dxc5 17. Na4 Bf6 18. Rc2 Bd4+ 19.
Kf1 e5 20. Nb6 Rb8 21. Nxc8 Rbxc8 22. Rb3 Rc7 1/2-1/2

[Event "Polofinale MCR junioru 2023"]
[Site "Czech Republic"]
[Date "2023.11.17"]
[Round "8.39"]
[White "Lieber, Lukas"]
[Black "Sklar, Petr"]
[Result "1-0"]
[TimeControl "90 min per 40 moves + 15 min + 30 sec / move from move 1"]
[WhiteFideId "23700688"]
[BlackFideId "23731141"]
[WhiteElo "1959"]
[BlackElo "1160"]

1. Nf3 f5 2. d3 Nf6 3. e4 fxe4 4. dxe4 e5 5. Nxe5 Qe7 6. Nf3 Qxe4+ 7. Be2 Bc5 8. O-O O-O 9. Bd3 Qc6 10.
Ne5 Qb6 11. Bc4+ Kh8 12. Nf7+ Kg8 13. Nd6+ Kh8 14. Nxc8 Rxc8 15. Bg5 Ne4 16. Bh4 Rf8 17. Qe2 Qxb2 18. Qxe4 Qxa1 19. Bd3 g6 20. c3 Nc6 21. Qd5 Bb6 22. Qb3 Rae8 23. h3 d6 24.
Kh2 Nd4 25. cxd4 Qxd4 26. Bg3 Qf6 27. Nc3 Qd4 28. Ne2 Qc5 29. Rc1 Qg5 30. f4 Qf6 31. Be1 Rxe2 32. Bxe2 Qxf4+ 33. g3 Qe5 34. Qd1 d5 35. Bf3 Qe3 36.
Bc3+ d4 37. Bxd4+ Bxd4 38. Bg2 c6 39. Rc4 Bb6 40. Qa1+ Kg8 41. Re4 Qc5 42. h4 Qc2 43. Re7 Rf7 44. Re8+ Rf8 45. Rxf8+ Kxf8 46.
Qh8+ Ke7 47. Qxh7+ Kd6 48. Qxb7 Qc5 49. Qb8+ Ke7 50. Qg8 Qc2 51. Qg7+ Kd8 52. Qg8+ Kd7 53. Qh7+ Ke6 54. h5 Kf6 55.
h6 Qd1 56. Qg7+ Kg5 57. Qe5+ Kxh6 58. Qh8+ Kg5 59. Qh4+ Kf5 60. Qe4+ Kf6 61. Qxc6+ Kg7 62. Qe4 Kf7 63. Bf3 Qd2+ 64.
Be2 Kg7 65. Qe7+ Kh6 66. a4 Qd8 67. Qe6 Kg7 68. Kh3 Qh8+ 69. Kg2 Qf8 70. Bd3 Qf7 71. Qe5+ Qf6 72. Qb5 Qd8 73. Kf3 Qd4 74.
Bb1 Qf2+ 75. Kg4 Qd4+ 76. Kh3 Qd8 77. Qc6 Qf6 78. Qd7+ Qf7 79. Qb5 Qe6+ 80. Kh2 Qe3 81. Qd7+ Kh6 82.
Kh3 Qf3 83. Bd3 Qh1+ 84. Kg4 Qh5+ 85. Kf4 Qg5+ 86. Kf3 Qf6+ 87. Kg2 Bd4 88. Kh3 Qe5 89. Qf7 Qf6 90. Qd5 Qe5 91. Qd8 Qe6+ 92.
Kg2 Qa2+ 93. Kf3 Qf2+ 94. Kg4 Qf6 95. Qd7 Qg5+ 96. Kh3 Qf6 97. Qg4 Qg5 98. Qxd4 1-0

[Event "Polofinale MCR junioru 2023"]
[Site "Czech Republic"]
[Date "2023.11.18"]
[Round "9.2"]
[White "Jun, Rudolf"]
[Black "Vojta, Jakub"]
[Result "1/2-1/2"]
[TimeControl "90 min per 40 moves + 15 min + 30 sec / move from move 1"]
[WhiteFideId "376612"]
[BlackFideId "382515"]
[WhiteElo "2260"]
[BlackElo "2267"]

1. e4 e6 2. d4 d5 3. exd5 exd5 4. Bd3 Nf6 5. Nf3 c5 6. c3 Be7 7. O-O O-O 8. h3 Nc6 9. Bf4 Qb6 10.
b3 Ne4 11. c4 Bf6 12. cxd5 Nxd4 13. Ne5 Re8 14. Bxe4 Bxe5 15. Bxh7+ Kxh7 16. Qh5+ Kg8 17. Bxe5 Nc2 18. d6 Nxa1 19.
Bxg7 1/2-1/2

[Event "Polofinale MCR junioru 2023"]
[Site "Czech Republic"]
[Date "2023.11.18"]
[Round "9.3"]
[White "Hak, David"]
[Black "Lihotsky, Lukas"]
[Result "1-0"]
[TimeControl "90 min per 40 moves + 15 min + 30 sec / move from move 1"]
[WhiteFideId "377007"]
[BlackFideId "23727004"]
[WhiteElo "2253"]
[BlackElo "2100"]

1. d4 Nf6 2. c4 e6 3. Nc3 Bb4 4. e3 d5 5. Nge2 dxc4 6. a3 Be7 7. Nf4 c5 8. Bxc4 O-O 9. O-O a6 10.
dxc5 Bxc5 11. b4 Bd6 12. Bb2 Qc7 13. Bd3 Nbd7 14. Rc1 Bxf4 15. exf4 Qxf4 16. g3 Qb8 17. Ne4 Nxe4 18. Bxe4 f5 19.
Bb1 b5 20. Ba2 Nf6 21. Re1 Ne4 22. Qd4 Rf7 23. Qd8+ Rf8 24. Qe7 Rf7 25. Qe8+ Rf8 26. Bxe6+ Bxe6 27. Qxe6+ Rf7 28. Rc6 Ng5 29.
Qd5 Qb7 30. Re5 Raf8 31. h4 Ne4 32. Rxf5 Nd2 33. Bd4 Qxc6 34. Qxc6 Rxf5 35. Qe6+ R8f7 36. Bc5 h6 37. Qxa6 Ne4 38.
Qa8+ 1-0

[Event "Polofinale MCR junioru 2023"]
[Site "Czech Republic"]
[Date "2023.11.18"]
[Round "9.4"]
[White "Soucek, Petr"]
[Black "Janous, Marek"]
[Result "1/2-1/2"]
[TimeControl "90 min per 40 moves + 15 min + 30 sec / move from move 1"]
[WhiteFideId "23715170"]
[BlackFideId "23709650"]
[WhiteElo "2227"]
[BlackElo "2098"]

1. e4 c5 2. Nf3 Nc6 3. d4 cxd4 4. Nxd4 Nf6 5. Nc3 e6 6. Nxc6 bxc6 7. e5 Nd5 8. Ne4 Bb7 9. c4 Nb4 10.
Bd2 c5 11. Bxb4 cxb4 12. Qd4 Qb6 13. O-O-O Qxd4 14. Rxd4 Rc8 15. Be2 Bc5 16. Nxc5 Rxc5 17. Rhd1 Rc7 18. g3 Ke7 19. b3 Bc6 20.
Kb2 a5 21. Bd3 Ra8 22. Rd2 Rca7 23. Bc2 h6 24. h4 a4 25. bxa4 Ra5 26. f4 R8a7 27. c5 1/2-1/2

[Event "Polofinale MCR junioru 2023"]
[Site "Czech Republic"]
[Date "2023.11.18"]
[Round "9.5"]
[White "Bokhnak, Timofey"]
[Black "Kubiczek, Michal"]
[Result "1-0"]
[TimeControl "90 min per 40 moves + 15 min + 30 sec / move from move 1"]
[WhiteFideId "14172976"]
[BlackFideId "23706996"]
[WhiteElo "2210"]
[BlackElo "2068"]

1. e4 e5 2. Nf3 Nc6 3. Nc3 Nf6 4. Bb5 Bd6 5. d4 Bb4 6. dxe5 Nxe4 7. Qd3 Bxc3+ 8. bxc3 Nc5 9. Qe3 Ne6 10.
Ba3 Ne7 11. O-O O-O 12. Rad1 Re8 13. Nd4 Nxd4 14. cxd4 a6 15. Ba4 b5 16. Qf3 Rb8 17. Bb3 Rf8 18. c4 b4 19. Bb2 d6 20.
d5 Ng6 21. exd6 Qxd6 22. Rfe1 Bd7 23. Qe3 Rfe8 24. Qd4 Qf8 25. c5 a5 26. c6 Rxe1+ 27. Rxe1 Bc8 28. Re8 Qxe8 29. Qxg7# 1-0

[Event "Polofinale MCR junioru 2023"]
[Site "Czech Republic"]
[Date "2023.11.18"]
[Round "9.6"]
[White "Vilimek, Vit"]
[Black "Tillman, Stanislav"]
[Result "1/2-1/2"]
[TimeControl "90 min per 40 moves + 15 min + 30 sec / move from move 1"]
[WhiteFideId "23718218"]
[BlackFideId "23714247"]
[WhiteElo "2163"]
[BlackElo "2021"]

1. e4 c5 2. b3 Nc6 3. Bb2 e5 4. Bb5 d6 5. Bxc6+ bxc6 6. d3 Nf6 7. Ne2 Qc7 8. f4 exf4 9.
Nxf4 d5 10. O-O Be7 11. Qf3 Bg4 12. Qg3 h5 13. Nxh5 Qxg3 14. Nxg3 dxe4 15. dxe4 O-O-O 16. c4 Nh5 17. Nxh5 Rxh5 18.
h3 Bg5 19. Re1 Be6 20. Na3 Rd3 21. Rad1 Rg3 22. Be5 Re3 23. Bh2 Rh4 24. Nc2 Rexe4 25. Bg3 Rxe1+ 26. Rxe1 Rh8 27. Bd6 Rd8 28. Bxc5 Rd2 29. Nd4 Rxa2 30.
Nxe6 fxe6 31. Rxe6 Kd7 32. Rg6 Bf6 33. Bf8 Bd4+ 34. Kh1 Ra1+ 35. Kh2 Be5+ 36. g3 Ra2+ 37. Kh1 Ra1+ 38. Kg2 Ra2+ 39.
Kf3 Ke8 40. Re6+ Kxf8 41. Rxe5 Ra3 42. Re3 a5 43. Ke4 Ke7 44. Kd4+ Kd6 45. c5+ Kd7 46. Kc3 Ra1 47. Rd3+ Ke7 48.
Kb2 Rg1 49. Rd6 Rxg3 50. Rxc6 Rxh3 51. Ra6 Rh6 52. Rxa5 g5 53. Ra7+ Kf8 54. Ra4 Rh4 55. Ra1 Ke7 56. Rg1 g4 57.
Ka3 Kd7 58. b4 Rh3+ 59. Ka4 g3 60. Kb5 Kc7 61. Rg2 Kb7 62. Rg1 Kc7 63. Ka5 Kc6 64. Rc1 g2 65. b5+ Kc7 66. Rg1 Rg3 67.
Kb4 Rg4+ 68. Kc3 Rg3+ 69. Kd4 Rg4+ 70. Kc3 Rg3+ 71. Kc4 Rg4+ 72. Kb3 Rg3+ 73. Ka4 Rg4+ 74. Ka5 Rg3 75. c6 Rg4 76.
b6+ Kxc6 77. Rc1+ Kb7 78. Rg1 Rg5+ 79. Kb4 Kxb6 80. Kc3 Kc5 81. Kd3 Kd5 82. Ke3 Ke5 83. Kf3 Kf5 84. Rxg2 Rxg2 85.
Kxg2 1/2-1/2

[Event "Polofinale MCR junioru 2023"]
[Site "Czech Republic"]
[Date "2023.11.18"]
[Round "9.7"]
[White "Svacina, Tobias"]
[Black "Skypala, Ondrej"]
[Result "0-1"]
[TimeControl "90 min per 40 moves + 15 min + 30 sec / move from move 1"]
[WhiteFideId "385859"]
[BlackFideId "366285"]
[WhiteElo "1941"]
[BlackElo "2159"]

1. e4 e6 2. d4 d5 3. Nc3 Nf6 4. Bg5 Be7 5. e5 Nfd7 6. h4 h6 7. Bxe7 Qxe7 8. f4 O-O 9. Nf3 c5 10.
Qd2 Nc6 11. Ne2 f6 12. c3 b5 13. Ng3 Rb8 14. Bd3 b4 15. O-O bxc3 16. bxc3 cxd4 17. cxd4 Nb6 18. a3 Bd7 19. Ne2 f5 20.
Nc3 Na5 21. Nxd5 Nxd5 22. Qxa5 Nxf4 23. Bc4 Rfc8 24. Rac1 Rb2 25. Rf2 Rxf2 26. Kxf2 Nd3+ 27. Bxd3 Rxc1 28. Qxa7 Qe8 29. Qb6 Rc3 30.
Qa6 Bc8 31. Bb5 Rc2+ 32. Kg1 Qg6 0-1

[Event "Polofinale MCR junioru 2023"]
[Site "Czech Republic"]
[Date "2023.11.18"]
[Round "9.8"]
[White "Pavlis, Matej"]
[Black "Ocelak, Jakub"]
[Result "1/2-1/2"]
[TimeControl "90 min per 40 moves + 15 min + 30 sec / move from move 1"]
[WhiteFideId "23735767"]
[BlackFideId "23707933"]
[WhiteElo "1974"]
[BlackElo "2238"]

1. Nf3 g6 2. c4 Bg7 3. g3 e5 4. d3 Nc6 5. Bg2 d6 6. Nc3 f5 7. O-O Nf6 8. Rb1 O-O 9. b4 h6 10.
b5 Ne7 11. a4 a5 12. Qc2 g5 13. Nd2 Ng6 14. Nd5 Nxd5 15. Bxd5+ Kh8 16. Ba3 Rf6 17. Bg2 h5 18. e3 h4 19.
Qd1 g4 20. Bb2 Ne7 21. c5 Rh6 22. Nc4 Ng6 23. cxd6 cxd6 24. f4 gxf3 25. Qxf3 Rb8 26. b6 Be6 27. Nxa5 d5 28. Rfc1 hxg3 29.
hxg3 f4 30. Rc7 fxe3 31. Nxb7 Qg5 32. Nd6 Rf8 33. Nf7+ Bxf7 34. Rxf7 Rxf7 35. Qxf7 Qxg3 36. b7 Qh2+ 37. Kf1 e2+ 38.
Kf2 Qh4+ 39. Kxe2 Nf4+ 40. Kf1 Rb6 41. Qxg7+ Kxg7 42. Bxe5+ Kh7 43. Rxb6 Nxd3 44. Ke2 Nxe5 45. b8=Q Qg4+ 46.
Ke1 Qh4+ 47. Kd1 Qd4+ 48. Kc2 Qc4+ 49. Kb1 Qd3+ 50. Ka2 Qc2+ 51. Rb2 Qxa4+ 52. Kb1 Qd1+ 1/2-1/2

[Event "Polofinale MCR junioru 2023"]
[Site "Czech Republic"]
[Date "2023.11.18"]
[Round "9.9"]
[White "Prazak, Daniel"]
[Black "Fizer, Marek"]
[Result "1/2-1/2"]
[TimeControl "90 min per 40 moves + 15 min + 30 sec / move from move 1"]
[WhiteFideId "23709456"]
[BlackFideId "391980"]
[WhiteElo "2103"]
[BlackElo "2162"]

1. d4 d5 2. Nf3 e6 3. Bf4 Nf6 4. e3 Be7 5. h3 c6 6. Nbd2 Nbd7 7. Bd3 b6 8. c3 Bb7 9. O-O O-O 10.
Ne5 h6 11. Ndf3 Nxe5 12. Nxe5 Nd7 13. Nxd7 Qxd7 14. Qg4 f5 15. Qe2 Bf6 16. Bh2 c5 17. Rad1 c4 18. Bc2 b5 19. Qh5 Qf7 20.
Qxf7+ Kxf7 21. f3 g6 1/2-1/2

[Event "Polofinale MCR junioru 2023"]
[Site "Czech Republic"]
[Date "2023.11.18"]
[Round "9.10"]
[White "Lang, Simon"]
[Black "Hlavina, Matous"]
[Result "0-1"]
[TimeControl "90 min per 40 moves + 15 min + 30 sec / move from move 1"]
[WhiteFideId "23712449"]
[BlackFideId "386650"]
[WhiteElo "2090"]
[BlackElo "2134"]

1. e4 c5 2. Nf3 d6 3. d4 cxd4 4. Nxd4 Nf6 5. Nc3 g6 6. Be3 Bg7 7. Bc4 a6 8. f3 h5 9. Qd2 Nbd7 10.
O-O-O b5 11. Bd5 Nxd5 12. exd5 Bb7 13. Bg5 Nf6 14. a3 Rc8 15. Rhe1 O-O 16. f4 Rc4 17. Qe3 Re8 18. f5 Ng4 19.
Qg1 Rxc3 20. bxc3 Qa5 21. fxg6 Qxa3+ 22. Kd2 fxg6 23. Rxe7 Rxe7 24. Bxe7 b4 25. Ke2 Bxd5 26. Bxd6 Qxc3 0-1

[Event "Polofinale MCR junioru 2023"]
[Site "Czech Republic"]
[Date "2023.11.18"]
[Round "9.11"]
[White "Hurtik, Matej"]
[Black "Bezdek, Tomas"]
[Result "1-0"]
[TimeControl "90 min per 40 moves + 15 min + 30 sec / move from move 1"]
[WhiteFideId "397997"]
[BlackFideId "23733551"]
[WhiteElo "2131"]
[BlackElo "2078"]

1. e4 e6 2. d4 d5 3. Nd2 c5 4. Ngf3 cxd4 5. exd5 Qxd5 6. Bc4 Qd6 7. O-O Nf6 8. Nb3 Nc6 9. Nbxd4 Nxd4 10.
Nxd4 a6 11. c3 Be7 12. Re1 b5 13. Qf3 Ra7 14. Bf4 Qc5 15. Bb3 Bb7 16. Qh3 Bd5 17. Nxe6 fxe6 18. Be3 Qc7 19. Bxd5 Nxd5 20.
Bxa7 Qxa7 21. Qxe6 Qb7 22. g3 Rf8 23. Rad1 Nb6 24. Rd6 Nc8 25. Rc6 1-0

[Event "Polofinale MCR junioru 2023"]
[Site "Czech Republic"]
[Date "2023.11.18"]
[Round "9.12"]
[White "Trojan, Matyas"]
[Black "Stocek, Martin"]
[Result "0-1"]
[TimeControl "90 min per 40 moves + 15 min + 30 sec / move from move 1"]
[WhiteFideId "23710764"]
[BlackFideId "380121"]
[WhiteElo "1957"]
[BlackElo "2125"]

1. e4 c6 2. d4 d5 3. e5 Bf5 4. Nf3 e6 5. a3 c5 6. c4 Ne7 7. dxc5 Nd7 8. b4 a5 9. Bb2 dxc4 10.
Bxc4 axb4 11. axb4 Rxa1 12. Bxa1 Nxc5 13. Bb5+ Nd7 14. Nc3 Nc6 15. O-O Bxb4 16. Nd4 O-O 17. Bxc6 Bxc3 18. Bxc3 bxc6 19.
Nxc6 Qc7 20. Ne7+ Kh8 21. Qd4 Nb8 22. Nxf5 exf5 23. Rd1 Kg8 24. Bb4 Re8 25. Bd6 Qc8 26. f4 Nd7 27. Ra1 Nf8 28.
h3 Ne6 29. Qb4 h6 30. Kh2 Qc2 31. Qa4 Rc8 32. Qxc2 Rxc2 33. Ra4 Kh7 34. h4 Kg6 35. Kh3 Rd2 36. g3 Rd4 37. Ra3 Rd2 38.
Ra7 h5 39. Ra6 Kh7 40. Ra3 Nd4 41. Bc5 Ne6 42. Be3 Re2 43. Rd3 Rc2 44. Rd7 Kg8 45. Rd2 Rxd2 46. Bxd2 Kf8 47. Kg2 Ke8 48.
Bb4 Kd7 49. Kf3 Kc6 50. Ke3 Kb5 51. Ba3 Kc4 52. Bd6 Kc3 53. Be7 Nc7 54. Bf8 g6 55. Bc5 Nd5 56. Kf3 Kd2 57. Bd4 Ke1 58.
Bc5 Kf1 59. Bd4 Nb4 60. Be3 Nd3 61. Bd2 Kg1 62. Be3+ Kh2 63. Bd2 Nc5 64. Bc3 Ne4 65. Be1 Kh3 66. Bf2 Nxf2 67. Kxf2 Kh2 68.
Kf3 Kg1 69. g4 hxg4+ 70. Kg3 Kf1 71.
h5 gxh5 72. Kh4 Kf2 73. Kxh5 g3 74. Kg5 g2 75. Kf6 g1=Q 76. Kxf7 Qg4 77. e6 Qxf4 0-1

[Event "Polofinale MCR junioru 2023"]
[Site "Czech Republic"]
[Date "2023.11.18"]
[Round "9.14"]
[White "Jirasko, Miroslav"]
[Black "Cerny, Michal"]
[Result "0-1"]
[TimeControl "90 min per 40 moves + 15 min + 30 sec / move from move 1"]
[WhiteFideId "23729414"]
[BlackFideId "391964"]
[WhiteElo "2084"]
[BlackElo "1920"]

1. e4 c5 2. Nf3 d6 3. d4 cxd4 4. Qxd4 Nc6 5. Qe3 g6 6. h3 Bg7 7. c4 Nf6 8. Be2 O-O 9. Nc3 Nd7 10.
O-O Nde5 11. b3 Nxf3+ 12. Bxf3 Nd4 13. Bd1 b5 14. cxb5 Nxb5 15. Bb2 Nxc3 16. Bxc3 Bxc3 17. Qxc3 Ba6 18.
Re1 Qb6 19. Bg4 h5 20. Be2 Rac8 21. Qb2 Rc6 22. Bxa6 Qxa6 23. b4 Qa4 24. Re3 Rb8 25. Ra3 Qxb4 26. Qxb4 Rxb4 27. Rxa7 Rxe4 28.
a4 Rc2 29. a5 Ree2 30. a6 Rxf2 31. Rxe7 Rxg2+ 32. Kh1 Rh2+ 33. Kg1 Rcg2+ 34. Kf1 Ra2 35. Rxa2 Rxa2 36. a7 Kg7 37. Rd7 d5 0-1

[Event "Polofinale MCR junioru 2023"]
[Site "Czech Republic"]
[Date "2023.11.18"]
[Round "9.15"]
[White "Vylicil, Adam"]
[Black "Kulhanek, Jachym"]
[Result "1/2-1/2"]
[TimeControl "90 min per 40 moves + 15 min + 30 sec / move from move 1"]
[WhiteFideId "23717556"]
[BlackFideId "23716193"]
[WhiteElo "1896"]
[BlackElo "2056"]

1. d4 Nf6 2. c4 e6 3. g3 d5 4. Nf3 Be7 5. Bg2 O-O 6. O-O b6 7. cxd5 exd5 8. Nc3 Bb7 9. Bf4 Nbd7 10.
Rc1 c5 11. dxc5 bxc5 12. Ne5 g5 13. Nxd7 Nxd7 14. Be3 Nb6 15. Na4 c4 16. Nc3 Qc7 17. Qd2 h6 18. Bxb6 axb6 19. Bxd5 Rfd8 20. e4 Bf6 21. Qe2 1/2-1/2

[Event "Polofinale MCR junioru 2023"]
[Site "Czech Republic"]
[Date "2023.11.18"]
[Round "9.16"]
[White "Steinbauer, Sebastian"]
[Black "Zezula, Jakub"]
[Result "0-1"]
[TimeControl "90 min per 40 moves + 15 min + 30 sec / move from move 1"]
[WhiteFideId "399272"]
[BlackFideId "23723203"]
[WhiteElo "1869"]
[BlackElo "2002"]

1. e4 e5 2. Nf3 Nc6 3. Bc4 Bc5 4. d3 Nf6 5. Nc3 h6 6. Be3 Bb6 7. Qd2 d6 8. h3 Qe7 9. O-O-O Be6 10.
Nd5 Bxd5 11. exd5 Na5 12. Bb5+ c6 13.
dxc6 bxc6 14. Ba4 O-O 15. b4 Nb7 16. Bxc6 Rfc8 17. b5 Ba5 18. Qe2 a6 19. Kb1 axb5 20. Bxb5 Nd5 21. Bd4 exd4 22.
Qxe7 Nxe7 23. Nxd4 Nd5 24. Rdf1 Nc3+ 25. Kb2 Rab8 26. a4 Nxa4+ 0-1

[Event "Polofinale MCR junioru 2023"]
[Site "Czech Republic"]
[Date "2023.11.18"]
[Round "9.17"]
[White "Vana, Jan"]
[Black "Winter, Ondrej"]
[Result "0-1"]
[TimeControl "90 min per 40 moves + 15 min + 30 sec / move from move 1"]
[WhiteFideId "23726016"]
[BlackFideId "23702192"]
[WhiteElo "1965"]
[BlackElo "2163"]

1. e4 d6 2. d4 Nf6 3. Nc3 g6 4. f3 c6 5. Be3 Nbd7 6. Qd2 b5 7. g4 Nb6 8. h4 h5 9. g5 Nfd7 10.
d5 Ne5 11. dxc6 Nbc4 12. Bxc4 Nxc4 13. Qd4 Rg8 14. Nge2 Bg7 15. Qd3 a6 16. Nd5 Nxb2 17. Qb3 Nc4 18. Rd1 Be6 19. Nef4 Qa5+ 20.
Kf2 Rc8 21. Nxe6 fxe6 22. Nb4 Rf8 23. f4 Qc7 24. a4 Nxe3 25. Kxe3 d5 26. e5 Qb6+ 27. Ke2 Rxf4 28. Rhf1 Re4+ 29.
Kf3 bxa4 30. Nxd5 Qxb3+ 31. cxb3 exd5 32. Rxd5 Rxe5 33. Rxe5 Bxe5 34. Ke4 Rxc6 35. Kxe5 axb3 36. Rb1 Rb6 37. Rb2 a5 38. Kd4 a4 39.
Kc3 e5 40. Kc4 Ke7 41. Re2 b2 42. Rxe5+ Kf7 0-1